Tucson Roadrunners vs Kelowna Rockets
Created - Tuesday, April 11, 2023 at 07:29
Goals
|
| Tucson Roadrunners |
1 |
0 |
4 |
5 |
| Kelowna Rockets |
0 |
3 |
1 |
4 |
|
Shots
|
| Tucson Roadrunners |
9 |
8 |
17 |
34 |
| Kelowna Rockets |
16 |
6 |
6 |
28 |
|
1st period
1. Tucson Roadrunners , Matthew Highmore 6 (Scott Reedy 11, William Carrier 16) at 18:18
Penalties :
Jacob Perreault (KEL) for Fighting (Major) at 8:17, Mikhail Maltsev (TRR) for Fighting (Major) at 8:17, Lucas Johansen (KEL) for Hooking (Minor) at 8:44, Joel Kiviranta (KEL) for High sticking (Minor) at 11:24
2nd period
2. Kelowna Rockets , Jacob Perreault 8 (Arnaud Durandeau 3, Matias Maccelli 9) at 5:19
3. Kelowna Rockets , Jasper Weatherby 18 (Jesse Ylonen 21, Maxence Guenette 5) at 16:58
4. Kelowna Rockets , Jasper Weatherby 19 (Jesse Ylonen 22, Ty Dellandrea 24) at 18:44
Penalties :
Oskari Laaksonen (KEL) for Holding (Minor) at 1:59, Oskari Laaksonen (KEL) for Hooking (Minor) at 8:18
3rd period
5. Tucson Roadrunners , Matthew Nieto 25 (Justin Danforth 19, Rocco Grimaldi 22) at 0:55
6. Tucson Roadrunners , Lukas Rousek 1 (Mikhail Maltsev 5, Nick Seeler 4) at 10:01
7. Tucson Roadrunners , Mikhail Maltsev 5 (Marian Studenic 6, Michal Kempny 7) at 11:52
8. Tucson Roadrunners , Matthew Nieto 26 (Justin Danforth 20, Rocco Grimaldi 23) at 12:14 (PP)
9. Kelowna Rockets , Ty Dellandrea 17 (Jesse Ylonen 23, Jasper Weatherby 23) at 19:46 (PP)
Penalties :
Ty Dellandrea (KEL) for High sticking (Minor) at 1:17, Ty Dellandrea (KEL) for Interference (Minor) at 11:59, Carson Soucy (TRR) for Hooking (Minor) at 18:11
Goalie Stats
Jaroslav Halak (TRR), 24 saves from 28 shots - (0.857), W, 3-2-0, 60:00 minutes
Justus Annunen (KEL), 29 saves from 34 shots - (0.853), L, 1-2-1, 59:56 minutes
Players Stats for Tucson Roadrunners
Player Name G A P +/- PIM S H SB GA TA FO MP PP MP PK MP
------------------------------------------------------------------------------------
Andre Lee 0 0 0 0 0 1 1 0 0 0 0/0 9:58 0:16 0:00
Ben Jones 0 0 0 0 0 0 1 0 0 0 2/2 9:09 0:00 0:00
Carson Soucy 0 0 0 0 2 1 0 0 0 0 0/0 25:58 5:32 0:00
Gage Goncalves 0 0 0 0 0 0 0 0 0 1 1/2 10:21 0:29 0:00
Justin Danforth 0 2 2 0 0 2 1 1 0 0 17/29 20:40 5:18 0:17
Lukas Rousek 1 0 1 2 0 2 3 0 0 0 0/0 11:05 0:00 0:00
Marian Studenic 0 1 1 2 0 2 0 0 1 0 0/1 12:38 0:16 0:32
Matthew Highmore 1 0 1 -1 0 2 4 0 0 0 0/1 17:12 4:29 0:32
Matthew Nieto 2 0 2 0 0 10 3 0 2 1 1/2 21:09 5:18 0:46
Michal Kempny 0 1 1 0 0 0 0 2 0 0 0/0 21:49 4:02 0:40
Mikhail Maltsev 1 1 2 2 5 3 0 0 0 0 2/5 11:27 0:13 0:00
Nick Seeler 0 1 1 1 0 0 1 1 0 0 0/0 12:12 0:36 0:55
Nicolas Meloche 0 0 0 0 0 0 1 2 0 0 0/0 21:49 4:02 0:40
Robert Hagg 0 0 0 0 0 1 3 0 0 0 0/0 26:54 5:32 0:55
Rocco Grimaldi 0 2 2 0 0 5 1 1 1 1 0/0 21:16 5:25 0:46
Scott Reedy 0 1 1 -1 0 3 1 0 0 0 0/5 16:36 4:23 0:00
Simon Benoit 0 0 0 1 0 1 0 1 0 0 0/0 11:17 0:36 0:00
William Carrier 0 1 1 -1 0 1 3 0 0 0 1/1 16:53 4:23 0:17
Players Stats for Kelowna Rockets
Player Name G A P +/- PIM S H SB GA TA FO MP PP MP PK MP
------------------------------------------------------------------------------------
Alex Peters 0 0 0 -1 0 0 1 2 0 0 0/0 14:55 0:00 0:50
Arnaud Durandeau 0 1 1 1 0 0 0 1 0 0 0/1 8:10 0:00 0:00
Cale Fleury 0 0 0 -1 0 1 2 3 1 1 0/0 26:20 1:35 6:14
Givani Smith 0 0 0 0 0 2 3 0 0 0 0/0 11:25 0:00 0:03
Jack Drury 0 0 0 0 0 2 1 0 0 0 5/10 15:09 0:00 3:51
Jacob Perreault 1 0 1 1 5 3 3 1 0 0 1/1 11:56 0:00 0:49
Jasper Weatherby 2 1 3 -1 0 5 0 0 2 0 1/1 20:52 1:12 5:08
Jesse Ylonen 0 3 3 -1 0 4 1 0 0 0 0/0 18:08 1:12 2:24
Joel Kiviranta 0 0 0 -1 2 2 3 0 0 0 0/1 14:53 0:23 0:17
Lauri Pajuniemi 0 0 0 1 0 0 3 0 0 0 0/0 8:10 0:00 0:00
Lucas Johansen 0 0 0 1 2 3 0 0 0 0 0/0 19:56 0:00 3:06
Matias Maccelli 0 1 1 -1 0 2 3 1 0 1 0/0 18:26 0:23 4:23
Max Lajoie 0 0 0 -1 0 1 1 0 0 1 0/0 26:09 1:35 5:48
Maxence Guenette 0 1 1 1 0 0 0 2 0 1 0/0 20:01 0:00 4:22
Oskar Steen 0 0 0 -1 0 1 2 0 0 0 3/4 14:17 0:23 0:09
Oskari Laaksonen 0 0 0 -1 4 0 0 2 0 0 0/0 13:04 0:00 0:00
Roby Jarventie 0 0 0 -1 0 0 0 0 0 0 0/0 3:55 0:00 0:00
Ty Dellandrea 1 1 2 0 4 2 1 1 0 0 14/30 24:01 1:12 3:20
3 Stars
1 - Matthew Nieto (TRR)
2 - Jasper Weatherby (KEL)
3 - Lukas Rousek (TRR)
Power Play
Tucson Roadrunners - 1 on 6 Attempt(s) - 16.67%
Kelowna Rockets - 1 on 1 Attempt(s) - 100.00%
Penalty Kill
Tucson Roadrunners - 0 on 1 Attempt(s) - 0.00%
- Score 0 goal in Penalty Kill
Kelowna Rockets - 5 on 6 Attempt(s) - 83.33%
- Score 0 goal in Penalty Kill
Team Stat
Tucson Roadrunners - Hits : 23 - Faceoff Wins : 24 - Blocked Shots : 8 - Penalty Minutes : 7
Kelowna Rockets - Hits : 24 - Faceoff Wins : 24 - Blocked Shots : 13 - Penalty Minutes : 17
Official
Referees : Graham Skiliter and Francis Charron
Linesman : Andy McElman and Lonnie Cameron
Game Notes
Jacob Perreault and Mikhail Maltsev fight to a draw at 8:17 of 1st period
Tucson Roadrunners
5 vs 5 Forward
Center Left Wing Right Wing Time % Phy DF OF
1 Justin Danforth Matthew Nieto Rocco Grimaldi 40 1 2 2
2 Scott Reedy William Carrier Matthew Highmore 30 1 2 2
3 Mikhail Maltsev Lukas Rousek Marian Studenic 20 1 2 2
4 Ben Jones Andre Lee Gage Goncalves 10 1 2 2
5 vs 5 Defense
Defense Defense Time % Phy DF OF
1 Carson Soucy Robert Hagg 40 2 3 0
2 Nicolas Meloche Michal Kempny 30 2 3 0
3 Simon Benoit Nick Seeler 20 2 3 0
4 Carson Soucy Robert Hagg 10 1 2 2
PowerPlay Forward
Center Left Wing Right Wing Time % Phy DF OF
1 Justin Danforth Matthew Nieto Rocco Grimaldi 60 1 0 4
2 Scott Reedy William Carrier Matthew Highmore 40 1 0 4
PowerPlay Defense
Defense Defense Time % Phy DF OF
1 Carson Soucy Robert Hagg 60 0 4 1
2 Nicolas Meloche Michal Kempny 40 0 4 1
Penalty Kill 4 Players Forward
Center Wing Time % Phy DF OF
1 Matthew Nieto Rocco Grimaldi 60 1 4 0
2 William Carrier Justin Danforth 40 1 4 0
Penalty Kill 4 Players Defense
Defense Defense Time % Phy DF OF
1 Carson Soucy Robert Hagg 60 1 4 0
2 Nicolas Meloche Michal Kempny 40 1 4 0
Penalty Kill - 3 Players Forward
Forward Time % Phy DF OF
1 Matthew Nieto 60 2 3 0
2 Rocco Grimaldi 40 0 1 4
Penalty Kill - 3 Players Defense
Defense Defense Time % Phy DF OF
1 Carson Soucy Robert Hagg 60 2 3 0
2 Nicolas Meloche Michal Kempny 40 2 3 0
4 vs 4 Forward
Center Wing Time % Phy DF OF
1 Matthew Nieto Rocco Grimaldi 60 1 2 2
2 William Carrier Justin Danforth 40 1 2 2
4 vs 4 Defense
Defense Defense Time % Phy DF OF
1 Carson Soucy Robert Hagg 60 1 2 2
2 Nicolas Meloche Michal Kempny 40 1 2 2
Last Minutes Offensive
Center Left Wing Right Wing Defense Defense
Justin Danforth Matthew Nieto Rocco Grimaldi Carson Soucy Robert Hagg
Last Minutes Defensive
Center Left Wing Right Wing Defense Defense
Justin Danforth Matthew Nieto Rocco Grimaldi Carson Soucy Robert Hagg
Goaltenders
Starting : Jaroslav Halak
Backup : Arturs Silovs
Extra Forwards
Normal : Gage Goncalves, Mikhail Maltsev, Marian Studenic - PP : Gage Goncalves, Mikhail Maltsev - PK : Marian Studenic
Extra Defensemen
Normal : Simon Benoit, Nick Seeler, Nicolas Meloche - PP : Simon Benoit - PK : Nick Seeler, Nicolas Meloche
Penalty Shots
Matthew Nieto, Rocco Grimaldi, William Carrier, Justin Danforth, Scott Reedy
Kelowna Rockets
5 vs 5 Forward
Center Left Wing Right Wing Time % Phy DF OF
1 Ty Dellandrea Jasper Weatherby Jesse Ylonen 40 1 2 2
2 Oskar Steen Matias Maccelli Joel Kiviranta 30 1 2 2
3 Jack Drury Givani Smith Jacob Perreault 20 1 2 2
4 Ty Dellandrea Arnaud Durandeau Lauri Pajuniemi 10 1 2 2
5 vs 5 Defense
Defense Defense Time % Phy DF OF
1 Cale Fleury Max Lajoie 40 1 2 2
2 Lucas Johansen Maxence Guenette 30 1 2 2
3 Alex Peters Oskari Laaksonen 20 1 2 2
4 Max Lajoie Lucas Johansen 10 1 2 2
PowerPlay Forward
Center Left Wing Right Wing Time % Phy DF OF
1 Ty Dellandrea Jasper Weatherby Jesse Ylonen 60 1 2 2
2 Oskar Steen Matias Maccelli Joel Kiviranta 40 1 2 2
PowerPlay Defense
Defense Defense Time % Phy DF OF
1 Cale Fleury Max Lajoie 60 1 2 2
2 Lucas Johansen Maxence Guenette 40 1 2 2
Penalty Kill 4 Players Forward
Center Wing Time % Phy DF OF
1 Ty Dellandrea Jasper Weatherby 60 1 2 2
2 Jesse Ylonen Matias Maccelli 40 1 2 2
Penalty Kill 4 Players Defense
Defense Defense Time % Phy DF OF
1 Cale Fleury Max Lajoie 60 1 2 2
2 Lucas Johansen Maxence Guenette 40 1 2 2
Penalty Kill - 3 Players Forward
Forward Time % Phy DF OF
1 Ty Dellandrea 60 1 2 2
2 Jasper Weatherby 40 1 2 2
Penalty Kill - 3 Players Defense
Defense Defense Time % Phy DF OF
1 Cale Fleury Max Lajoie 60 1 2 2
2 Lucas Johansen Maxence Guenette 40 1 2 2
4 vs 4 Forward
Center Wing Time % Phy DF OF
1 Ty Dellandrea Jasper Weatherby 60 1 2 2
2 Jesse Ylonen Matias Maccelli 40 1 2 2
4 vs 4 Defense
Defense Defense Time % Phy DF OF
1 Cale Fleury Max Lajoie 60 1 2 2
2 Lucas Johansen Maxence Guenette 40 1 2 2
Last Minutes Offensive
Center Left Wing Right Wing Defense Defense
Ty Dellandrea Jasper Weatherby Jesse Ylonen Cale Fleury Max Lajoie
Last Minutes Defensive
Center Left Wing Right Wing Defense Defense
Ty Dellandrea Jasper Weatherby Jesse Ylonen Cale Fleury Max Lajoie
Goaltenders
Starting : Justus Annunen
Backup : Adam Scheel
Extra Forwards
Normal : Roby Jarventie, Ty Dellandrea, Jack Drury - PP : Roby Jarventie, Ty Dellandrea - PK : Jack Drury
Extra Defensemen
Normal : Alex Peters, Maxence Guenette, Cale Fleury - PP : Alex Peters - PK : Maxence Guenette, Cale Fleury
Penalty Shots
Ty Dellandrea, Jasper Weatherby, Jesse Ylonen, Matias Maccelli, Oskar Steen
% Time on Ice - Tucson Roadrunners
Lines # - Real PCT - Wanted PCT - Time Play
Normal Forward
1 - 32% - 40% - 15:25
2 - 26% - 30% - 12:23
3 - 23% - 20% - 11:05
4 - 19% - 10% - 9:09
Normal Defense
1 - 39% - 40% - 18:45
2 - 36% - 30% - 17:07
3 - 22% - 20% - 10:41
4 - 3% - 10% - 1:29
PP Forward
1 - 56% - 60% - 5:41
2 - 44% - 40% - 4:29
PP Defense
1 - 60% - 60% - 6:08
2 - 40% - 40% - 4:02
PK Forward
1 - 82% - 60% - 1:18
2 - 18% - 40% - 0:17
PK Defense
1 - 58% - 60% - 0:55
2 - 42% - 40% - 0:40
PK3 Forward
1 - 0% - 60%
2 - 0% - 40%
PK3 Defense
1 - 0% - 60%
2 - 0% - 40%
44 Forward
1 - 0% - 60%
2 - 0% - 40%
44 Defense
1 - 0% - 60%
2 - 0% - 40%
Last Minute Offensive - 0:00
Last Minute Defensive - 0:13
Total
Forward - 60:00
Defense - 60:00
|
% Time on Ice - Kelowna Rockets
Lines # - Real PCT - Wanted PCT - Time Play
Normal Forward
1 - 32% - 40% - 15:12
2 - 29% - 30% - 13:45
3 - 23% - 20% - 10:55
4 - 17% - 10% - 8:10
Normal Defense
1 - 39% - 40% - 18:43
2 - 32% - 30% - 15:26
3 - 26% - 20% - 12:34
4 - 3% - 10% - 1:19
PP Forward
1 - 76% - 60% - 1:12
2 - 24% - 40% - 0:23
PP Defense
1 - 100% - 60% - 1:35
2 - 0% - 40% - 0:00
PK Forward
1 - 76% - 60% - 7:46
2 - 24% - 40% - 2:24
PK Defense
1 - 57% - 60% - 5:48
2 - 43% - 40% - 4:22
PK3 Forward
1 - 0% - 60%
2 - 0% - 40%
PK3 Defense
1 - 0% - 60%
2 - 0% - 40%
44 Forward
1 - 0% - 60%
2 - 0% - 40%
44 Defense
1 - 0% - 60%
2 - 0% - 40%
Last Minute Offensive - 0:13
Last Minute Defensive - 0:00
Total
Forward - 60:00
Defense - 60:00
|
Play-by-Play
1st period
0:01 of 1st period - Justin Danforth wins face-off versus Ty Dellandrea in neutral zone.
0:30 of 1st period - Wrist shot by Jesse Ylonen.
0:30 of 1st period - Stopped by Jaroslav Halak with a rebound.
0:56 of 1st period - Slapshot by Ben Jones.
0:56 of 1st period - Deflect By Gage Goncalves.
0:56 of 1st period - Shot Misses the Net.
0:56 of 1st period - Puck is out of play.
0:57 of 1st period - Oskar Steen wins face-off versus Scott Reedy in Kelowna Rockets zone.
0:57 of 1st period - Oskar Steen is hit by Nick Seeler.
1:13 of 1st period - Wrist shot by Scott Reedy.
1:13 of 1st period - Stopped by Justus Annunen with a rebound.
1:59 of 1st period - Slapshot by Andre Lee.
1:59 of 1st period - Stopped by Justus Annunen with a rebound.
3:01 of 1st period - Snap shot by Jesse Ylonen.
3:01 of 1st period - Stopped by Jaroslav Halak with a rebound.
3:03 of 1st period - Snap shot by Jesse Ylonen.
3:03 of 1st period - Shot Blocked by Simon Benoit.
3:13 of 1st period - Max Lajoie is hit by Matthew Highmore and loses puck.
3:24 of 1st period - Matthew Highmore is hit by Givani Smith and loses puck.
4:17 of 1st period - Mikhail Maltsev is hit by Alex Peters.
4:23 of 1st period - Ty Dellandrea is hit by Lukas Rousek and loses puck.
4:57 of 1st period - Snap shot by William Carrier.
4:57 of 1st period - Shot Blocked by Maxence Guenette.
5:03 of 1st period - Snap shot by Scott Reedy.
5:03 of 1st period - Deflect By Matthew Highmore.
5:03 of 1st period - Shot Misses the Net.
5:03 of 1st period - Puck is out of play.
5:04 of 1st period - Jack Drury wins face-off versus Scott Reedy in Kelowna Rockets zone.
5:13 of 1st period - Snap shot by Scott Reedy.
5:13 of 1st period - Stopped by Justus Annunen with a rebound.
5:15 of 1st period - Snap shot by William Carrier.
5:15 of 1st period - Shot Misses the Net.
5:29 of 1st period - Michal Kempny is hit by Matias Maccelli and loses puck.
7:30 of 1st period - Matthew Highmore is hit by Givani Smith and loses puck.
7:41 of 1st period - Jasper Weatherby is hit by Matthew Nieto.
7:51 of 1st period - Lucas Johansen is hit by Lukas Rousek and loses puck.
7:56 of 1st period - Backhand shot by Mikhail Maltsev.
7:56 of 1st period - Stopped by Justus Annunen without a rebound.
7:57 of 1st period - Jack Drury wins face-off versus Mikhail Maltsev in Kelowna Rockets zone.
8:17 of 1st period - Jacob Perreault and Mikhail Maltsev fight to a draw.
8:17 of 1st period - Penalty to Jacob Perreault for Fighting.
8:17 of 1st period - Penalty to Mikhail Maltsev for Fighting.
8:18 of 1st period - Justin Danforth wins face-off versus Ty Dellandrea in Kelowna Rockets zone.
8:27 of 1st period - Snap shot by Justin Danforth.
8:27 of 1st period - Shot Misses the Net.
8:44 of 1st period - Minor Penalty to Lucas Johansen for Hooking.
8:45 of 1st period - Ty Dellandrea wins face-off versus Justin Danforth in Kelowna Rockets zone.
9:12 of 1st period - Ty Dellandrea is hit by William Carrier and loses puck.
10:13 of 1st period - Alex Peters is hit by William Carrier and loses puck.
10:41 of 1st period - Off-side.
10:42 of 1st period - Jack Drury wins face-off versus Gage Goncalves in neutral zone.
10:44 of 1st period - Penalty to Lucas Johansen is over, Lucas Johansen is back on ice.
10:47 of 1st period - Slapshot by Jack Drury.
10:47 of 1st period - Deflect By Joel Kiviranta.
10:47 of 1st period - Shot Blocked by Michal Kempny.
10:47 of 1st period - Puck is out of play.
10:48 of 1st period - Gage Goncalves wins face-off versus Ty Dellandrea in Tucson Roadrunners zone.
11:00 of 1st period - Wrist shot by Ty Dellandrea.
11:00 of 1st period - Shot Misses the Net.
11:24 of 1st period - Minor Penalty to Joel Kiviranta for High sticking.
11:25 of 1st period - Ty Dellandrea wins face-off versus Justin Danforth in Kelowna Rockets zone.
11:36 of 1st period - Wrist shot by Jasper Weatherby.
11:36 of 1st period - Stopped by Jaroslav Halak with a rebound.
11:52 of 1st period - Max Lajoie is hit by Robert Hagg and loses puck.
13:17 of 1st period - Penalty to Jacob Perreault is over, Jacob Perreault is back on ice.
13:24 of 1st period - Penalty to Joel Kiviranta is over, Joel Kiviranta is back on ice.
13:31 of 1st period - Wrist shot by Joel Kiviranta.
13:31 of 1st period - Stopped by Jaroslav Halak with a rebound.
13:33 of 1st period - Slapshot by Maxence Guenette.
13:33 of 1st period - Shot Misses the Net.
13:35 of 1st period - Slapshot by Lucas Johansen.
13:35 of 1st period - Stopped by Jaroslav Halak without a rebound.
13:36 of 1st period - Jack Drury wins face-off versus Mikhail Maltsev in Tucson Roadrunners zone.
13:37 of 1st period - Snap shot by Givani Smith.
13:37 of 1st period - Stopped by Jaroslav Halak without a rebound.
13:38 of 1st period - Mikhail Maltsev wins face-off versus Jack Drury in Tucson Roadrunners zone.
13:38 of 1st period - Mikhail Maltsev is hit by Jack Drury.
13:54 of 1st period - Wrist shot by Jack Drury.
13:54 of 1st period - Stopped by Jaroslav Halak with a rebound.
14:18 of 1st period - Justin Danforth is hit by Matias Maccelli and loses puck.
14:29 of 1st period - Slapshot by Ty Dellandrea.
14:29 of 1st period - Shot Misses the Net.
14:31 of 1st period - Slapshot by Max Lajoie.
14:31 of 1st period - Stopped by Jaroslav Halak with a rebound.
14:33 of 1st period - Slapshot by Cale Fleury.
14:33 of 1st period - Shot Misses the Net.
14:35 of 1st period - Wrist shot by Jasper Weatherby.
14:35 of 1st period - Stopped by Jaroslav Halak with a rebound.
15:08 of 1st period - Slapshot by Joel Kiviranta.
15:08 of 1st period - Shot Misses the Net.
15:10 of 1st period - Snap shot by Lucas Johansen.
15:10 of 1st period - Deflect By Matias Maccelli.
15:10 of 1st period - Stopped by Jaroslav Halak with a rebound.
15:30 of 1st period - Snap shot by Ben Jones.
15:30 of 1st period - Shot Misses the Net.
15:32 of 1st period - Slapshot by Andre Lee.
15:32 of 1st period - Shot Misses the Net.
15:34 of 1st period - Backhand shot by Robert Hagg.
15:34 of 1st period - Stopped by Justus Annunen with a rebound.
16:01 of 1st period - Oskar Steen is hit by Lukas Rousek and loses puck.
16:25 of 1st period - Matthew Nieto is hit by Ty Dellandrea and loses puck.
16:46 of 1st period - Nicolas Meloche is hit by Jacob Perreault.
17:22 of 1st period - Snap shot by Matias Maccelli.
17:22 of 1st period - Stopped by Jaroslav Halak with a rebound.
17:47 of 1st period - Slapshot by Carson Soucy.
17:47 of 1st period - Shot Misses the Net.
17:53 of 1st period - Carson Soucy is hit by Lauri Pajuniemi and loses puck.
18:12 of 1st period - Snap shot by William Carrier.
18:12 of 1st period - Shot Blocked by Alex Peters.
18:14 of 1st period - Snap shot by Scott Reedy.
18:14 of 1st period - Shot Misses the Net.
18:16 of 1st period - Snap shot by Matthew Highmore.
18:16 of 1st period - Stopped by Justus Annunen with a rebound.
18:18 of 1st period - Snap shot by Matthew Highmore.
18:18 of 1st period - Goal by Matthew Highmore - Tucson Roadrunners : 1 - Kelowna Rockets : 0.
18:19 of 1st period - Justin Danforth wins face-off versus Ty Dellandrea in neutral zone.
18:22 of 1st period - Slapshot by Matthew Nieto.
18:22 of 1st period - Deflect By Ty Dellandrea.
18:22 of 1st period - Stopped by Justus Annunen with a rebound.
18:24 of 1st period - Slapshot by Matthew Nieto.
18:24 of 1st period - Stopped by Justus Annunen without a rebound.
18:25 of 1st period - Ty Dellandrea wins face-off versus Justin Danforth in Kelowna Rockets zone.
19:13 of 1st period - Slapshot by Jack Drury.
19:13 of 1st period - Shot Misses the Net.
19:15 of 1st period - Slapshot by Lucas Johansen.
19:15 of 1st period - Stopped by Jaroslav Halak with a rebound.
19:17 of 1st period - Slapshot by Jacob Perreault.
19:17 of 1st period - Stopped by Jaroslav Halak with a rebound.
19:19 of 1st period - Snap shot by Givani Smith.
19:19 of 1st period - Stopped by Jaroslav Halak without a rebound.
19:20 of 1st period - Justin Danforth wins face-off versus Jack Drury in Tucson Roadrunners zone.
19:20 of 1st period - Justin Danforth is hit by Jacob Perreault.
19:30 of 1st period - Slapshot by Jack Drury.
19:30 of 1st period - Deflect By Justin Danforth.
19:30 of 1st period - Stopped by Jaroslav Halak without a rebound.
19:31 of 1st period - Ty Dellandrea wins face-off versus Justin Danforth in Tucson Roadrunners zone.
19:36 of 1st period - Wrist shot by Jesse Ylonen.
19:36 of 1st period - Stopped by Jaroslav Halak with a rebound.
Goals for this period are 1 for Tucson Roadrunners vs 0 for Kelowna Rockets.
Shots for this period are 9 for Tucson Roadrunners vs 16 for Kelowna Rockets.
2nd period
0:01 of 2nd period - Ty Dellandrea wins face-off versus Justin Danforth in neutral zone.
0:08 of 2nd period - Slapshot by Jesse Ylonen.
0:08 of 2nd period - Shot Blocked by Rocco Grimaldi.
0:46 of 2nd period - Snap shot by William Carrier.
0:46 of 2nd period - Stopped by Justus Annunen with a rebound.
0:57 of 2nd period - Lukas Rousek is hit by Givani Smith and loses puck.
1:45 of 2nd period - Snap shot by William Carrier.
1:45 of 2nd period - Shot Misses the Net.
1:47 of 2nd period - Snap shot by William Carrier.
1:47 of 2nd period - Shot Misses the Net.
1:53 of 2nd period - Wrist shot by Scott Reedy.
1:53 of 2nd period - Shot Misses the Net.
1:59 of 2nd period - Minor Penalty to Oskari Laaksonen for Holding.
2:00 of 2nd period - Justin Danforth wins face-off versus Ty Dellandrea in Kelowna Rockets zone.
2:25 of 2nd period - Max Lajoie is hit by Scott Reedy and loses puck.
3:00 of 2nd period - Maxence Guenette is hit by Nicolas Meloche and loses puck.
3:58 of 2nd period - Matias Maccelli is hit by Matthew Highmore and loses puck.
3:59 of 2nd period - Penalty to Oskari Laaksonen is over, Oskari Laaksonen is back on ice.
4:37 of 2nd period - Slapshot by Gage Goncalves.
4:37 of 2nd period - Shot Blocked by Oskari Laaksonen.
4:51 of 2nd period - Wrist shot by Jacob Perreault.
4:51 of 2nd period - Shot Misses the Net.
5:19 of 2nd period - Wrist shot by Jacob Perreault.
5:19 of 2nd period - Goal by Jacob Perreault - Tucson Roadrunners : 1 - Kelowna Rockets : 1.
5:20 of 2nd period - Justin Danforth wins face-off versus Ty Dellandrea in neutral zone.
5:27 of 2nd period - Wrist shot by Justin Danforth.
5:27 of 2nd period - Shot Misses the Net.
5:48 of 2nd period - Snap shot by Joel Kiviranta.
5:48 of 2nd period - Stopped by Jaroslav Halak without a rebound.
5:49 of 2nd period - Oskar Steen wins face-off versus Scott Reedy in Tucson Roadrunners zone.
6:32 of 2nd period - Slapshot by Oskar Steen.
6:32 of 2nd period - Stopped by Jaroslav Halak with a rebound.
6:39 of 2nd period - Off-side.
6:40 of 2nd period - Ty Dellandrea wins face-off versus Justin Danforth in neutral zone.
7:14 of 2nd period - Snap shot by Jacob Perreault.
7:14 of 2nd period - Stopped by Jaroslav Halak with a rebound.
7:24 of 2nd period - Snap shot by Rocco Grimaldi.
7:24 of 2nd period - Shot Blocked by Ty Dellandrea.
7:26 of 2nd period - Snap shot by Marian Studenic.
7:26 of 2nd period - Stopped by Justus Annunen without a rebound.
7:27 of 2nd period - Ty Dellandrea wins face-off versus Marian Studenic in Kelowna Rockets zone.
7:34 of 2nd period - Snap shot by Mikhail Maltsev.
7:34 of 2nd period - Stopped by Justus Annunen with a rebound.
7:36 of 2nd period - Snap shot by Lukas Rousek.
7:36 of 2nd period - Stopped by Justus Annunen with a rebound.
7:52 of 2nd period - Lauri Pajuniemi is hit by Andre Lee and loses puck.
8:18 of 2nd period - Minor Penalty to Oskari Laaksonen for Hooking.
8:19 of 2nd period - Ty Dellandrea wins face-off versus Matthew Nieto in Kelowna Rockets zone.
8:30 of 2nd period - Matthew Nieto is hit by Max Lajoie and loses puck.
10:18 of 2nd period - Penalty to Oskari Laaksonen is over, Oskari Laaksonen is back on ice.
10:32 of 2nd period - Slapshot by Jack Drury.
10:32 of 2nd period - Shot Blocked by Nicolas Meloche.
10:50 of 2nd period - Simon Benoit is hit by Lauri Pajuniemi and loses puck.
11:22 of 2nd period - William Carrier is hit by Cale Fleury and loses puck.
12:23 of 2nd period - Matias Maccelli is hit by Robert Hagg and loses puck.
12:38 of 2nd period - Scott Reedy is hit by Joel Kiviranta and loses puck.
13:20 of 2nd period - Wrist shot by Jacob Perreault.
13:20 of 2nd period - Shot Blocked by Nick Seeler.
13:38 of 2nd period - Slapshot by Rocco Grimaldi.
13:38 of 2nd period - Stopped by Justus Annunen with a rebound.
13:40 of 2nd period - Snap shot by Matthew Nieto.
13:40 of 2nd period - Shot Misses the Net.
13:42 of 2nd period - Snap shot by Matthew Nieto.
13:42 of 2nd period - Shot Misses the Net.
13:46 of 2nd period - Wrist shot by Rocco Grimaldi.
13:46 of 2nd period - Stopped by Justus Annunen with a rebound.
13:48 of 2nd period - Slapshot by Justin Danforth.
13:48 of 2nd period - Shot Blocked by Maxence Guenette.
15:03 of 2nd period - Marian Studenic is hit by Oskar Steen and loses puck.
15:28 of 2nd period - Icing by Robert Hagg.
15:29 of 2nd period - Ben Jones wins face-off versus Arnaud Durandeau in Tucson Roadrunners zone.
15:29 of 2nd period - Ben Jones is hit by Lauri Pajuniemi.
15:41 of 2nd period - Snap shot by Ben Jones.
15:41 of 2nd period - Shot Blocked by Arnaud Durandeau.
16:02 of 2nd period - Snap shot by Ben Jones.
16:02 of 2nd period - Shot Misses the Net.
16:31 of 2nd period - Slapshot by Cale Fleury.
16:31 of 2nd period - Deflect By Lauri Pajuniemi.
16:31 of 2nd period - Shot Blocked by Nicolas Meloche.
16:31 of 2nd period - Puck is out of play.
16:32 of 2nd period - Justin Danforth wins face-off versus Ty Dellandrea in Tucson Roadrunners zone.
16:43 of 2nd period - Wrist shot by Matthew Nieto.
16:43 of 2nd period - Stopped by Justus Annunen without a rebound.
16:44 of 2nd period - Justin Danforth wins face-off versus Ty Dellandrea in Kelowna Rockets zone.
16:58 of 2nd period - Slapshot by Jasper Weatherby.
16:58 of 2nd period - Goal by Jasper Weatherby - Tucson Roadrunners : 1 - Kelowna Rockets : 2.
16:59 of 2nd period - Justin Danforth wins face-off versus Ty Dellandrea in neutral zone.
17:09 of 2nd period - Wrist shot by Rocco Grimaldi.
17:09 of 2nd period - Stopped by Justus Annunen with a rebound.
17:25 of 2nd period - Max Lajoie is hit by William Carrier.
17:47 of 2nd period - Marian Studenic is hit by Jacob Perreault and loses puck.
18:26 of 2nd period - Snap shot by Justin Danforth.
18:26 of 2nd period - Shot Misses the Net.
18:28 of 2nd period - Slapshot by Rocco Grimaldi.
18:28 of 2nd period - Shot Blocked by Oskari Laaksonen.
18:30 of 2nd period - Slapshot by Robert Hagg.
18:30 of 2nd period - Shot Blocked by Alex Peters.
18:32 of 2nd period - Wrist shot by Rocco Grimaldi.
18:32 of 2nd period - Shot Misses the Net.
18:34 of 2nd period - Snap shot by Rocco Grimaldi.
18:34 of 2nd period - Deflect By Matias Maccelli.
18:34 of 2nd period - Shot Blocked by Matias Maccelli.
18:34 of 2nd period - Puck is out of play.
18:35 of 2nd period - Ty Dellandrea wins face-off versus Scott Reedy in Kelowna Rockets zone.
18:42 of 2nd period - Snap shot by Jesse Ylonen.
18:42 of 2nd period - Shot Misses the Net.
18:44 of 2nd period - Snap shot by Jasper Weatherby.
18:44 of 2nd period - Goal by Jasper Weatherby - Tucson Roadrunners : 1 - Kelowna Rockets : 3.
18:45 of 2nd period - Jasper Weatherby wins face-off versus Justin Danforth in neutral zone.
Goals for this period are 0 for Tucson Roadrunners vs 3 for Kelowna Rockets.
Shots for this period are 8 for Tucson Roadrunners vs 6 for Kelowna Rockets.
3rd period
0:01 of 3rd period - Justin Danforth wins face-off versus Ty Dellandrea in neutral zone.
0:16 of 3rd period - Snap shot by Matthew Nieto.
0:16 of 3rd period - Stopped by Justus Annunen without a rebound.
0:17 of 3rd period - William Carrier wins face-off versus Oskar Steen in Kelowna Rockets zone.
0:18 of 3rd period - Snap shot by Scott Reedy.
0:18 of 3rd period - Stopped by Justus Annunen without a rebound.
0:19 of 3rd period - Oskar Steen wins face-off versus Scott Reedy in Kelowna Rockets zone.
0:36 of 3rd period - Icing by Robert Hagg.
0:37 of 3rd period - Ty Dellandrea wins face-off versus Matthew Highmore in Tucson Roadrunners zone.
0:40 of 3rd period - Snap shot by Jasper Weatherby.
0:40 of 3rd period - Stopped by Jaroslav Halak without a rebound.
0:41 of 3rd period - Justin Danforth wins face-off versus Ty Dellandrea in Tucson Roadrunners zone.
0:41 of 3rd period - Justin Danforth is hit by Jesse Ylonen.
0:55 of 3rd period - Snap shot by Matthew Nieto.
0:55 of 3rd period - Goal by Matthew Nieto - Tucson Roadrunners : 2 - Kelowna Rockets : 3.
0:56 of 3rd period - Justin Danforth wins face-off versus Ty Dellandrea in neutral zone.
1:03 of 3rd period - Slapshot by Justin Danforth.
1:03 of 3rd period - Deflect By Matthew Nieto.
1:03 of 3rd period - Stopped by Justus Annunen with a rebound.
1:05 of 3rd period - Slapshot by Carson Soucy.
1:05 of 3rd period - Stopped by Justus Annunen with a rebound.
1:07 of 3rd period - Snap shot by Justin Danforth.
1:07 of 3rd period - Stopped by Justus Annunen with a rebound.
1:17 of 3rd period - Minor Penalty to Ty Dellandrea for High sticking.
1:18 of 3rd period - Justin Danforth wins face-off versus Jack Drury in Kelowna Rockets zone.
1:19 of 3rd period - Snap shot by Rocco Grimaldi.
1:19 of 3rd period - Shot Blocked by Cale Fleury.
1:21 of 3rd period - Snap shot by Matthew Nieto.
1:21 of 3rd period - Deflect By Justin Danforth.
1:21 of 3rd period - Shot Misses the Net.
1:21 of 3rd period - Puck is out of play.
1:22 of 3rd period - Jack Drury wins face-off versus Justin Danforth in Kelowna Rockets zone.
3:17 of 3rd period - Penalty to Ty Dellandrea is over, Ty Dellandrea is back on ice.
4:06 of 3rd period - Mikhail Maltsev is hit by Joel Kiviranta and loses puck.
5:21 of 3rd period - Scott Reedy is hit by Matias Maccelli and loses puck.
6:50 of 3rd period - Off-side.
6:51 of 3rd period - Ben Jones wins face-off versus Ty Dellandrea in neutral zone.
6:56 of 3rd period - Wrist shot by Andre Lee.
6:56 of 3rd period - Shot Misses the Net.
6:58 of 3rd period - Slapshot by Simon Benoit.
6:58 of 3rd period - Stopped by Justus Annunen without a rebound.
6:59 of 3rd period - Jacob Perreault wins face-off versus Justin Danforth in Kelowna Rockets zone.
7:01 of 3rd period - Max Lajoie is hit by Justin Danforth and loses puck.
7:24 of 3rd period - Snap shot by Ty Dellandrea.
7:24 of 3rd period - Stopped by Jaroslav Halak with a rebound.
7:26 of 3rd period - Snap shot by Cale Fleury.
7:26 of 3rd period - Stopped by Jaroslav Halak with a rebound.
8:24 of 3rd period - Jasper Weatherby is hit by Matthew Highmore and loses puck.
9:07 of 3rd period - Snap shot by Marian Studenic.
9:07 of 3rd period - Shot Misses the Net.
9:23 of 3rd period - Matthew Nieto is hit by Cale Fleury and loses puck.
10:01 of 3rd period - Snap shot by Mikhail Maltsev.
10:01 of 3rd period - Deflect By Lukas Rousek.
10:01 of 3rd period - Goal by Lukas Rousek - Tucson Roadrunners : 3 - Kelowna Rockets : 3.
10:02 of 3rd period - Justin Danforth wins face-off versus Ty Dellandrea in neutral zone.
10:43 of 3rd period - Joel Kiviranta is hit by Matthew Highmore and loses puck.
10:54 of 3rd period - Off-side.
10:55 of 3rd period - Ty Dellandrea wins face-off versus Justin Danforth in neutral zone.
11:02 of 3rd period - Slapshot by Lucas Johansen.
11:02 of 3rd period - Deflect By Matthew Nieto.
11:02 of 3rd period - Stopped by Jaroslav Halak with a rebound.
11:04 of 3rd period - Slapshot by Ty Dellandrea.
11:04 of 3rd period - Deflect By Jesse Ylonen.
11:04 of 3rd period - Stopped by Jaroslav Halak with a rebound.
11:10 of 3rd period - Snap shot by Jesse Ylonen.
11:10 of 3rd period - Shot Blocked by Justin Danforth.
11:36 of 3rd period - Icing by Marian Studenic.
11:37 of 3rd period - Ty Dellandrea wins face-off versus Mikhail Maltsev in Tucson Roadrunners zone.
11:44 of 3rd period - Slapshot by Ty Dellandrea.
11:44 of 3rd period - Shot Blocked by Michal Kempny.
11:52 of 3rd period - Wrist shot by Mikhail Maltsev.
11:52 of 3rd period - Goal by Mikhail Maltsev - Tucson Roadrunners : 4 - Kelowna Rockets : 3.
11:53 of 3rd period - Ty Dellandrea wins face-off versus Justin Danforth in neutral zone.
11:59 of 3rd period - Minor Penalty to Ty Dellandrea for Interference.
12:00 of 3rd period - Justin Danforth wins face-off versus Jack Drury in Kelowna Rockets zone.
12:10 of 3rd period - Wrist shot by Matthew Nieto.
12:10 of 3rd period - Shot Blocked by Cale Fleury.
12:12 of 3rd period - Wrist shot by Justin Danforth.
12:12 of 3rd period - Shot Misses the Net.
12:14 of 3rd period - Snap shot by Matthew Nieto.
12:14 of 3rd period - Goal by Matthew Nieto - Tucson Roadrunners : 5 - Kelowna Rockets : 3.
12:15 of 3rd period - Ty Dellandrea wins face-off versus Justin Danforth in neutral zone.
12:53 of 3rd period - William Carrier is hit by Oskar Steen.
12:59 of 3rd period - Robert Hagg is hit by Joel Kiviranta and loses puck.
13:20 of 3rd period - Lucas Johansen is hit by Ben Jones and loses puck.
13:44 of 3rd period - Icing by Michal Kempny.
13:45 of 3rd period - Mikhail Maltsev wins face-off versus Joel Kiviranta in Tucson Roadrunners zone.
14:43 of 3rd period - Snap shot by Matthew Nieto.
14:43 of 3rd period - Stopped by Justus Annunen with a rebound.
15:13 of 3rd period - Joel Kiviranta is hit by Robert Hagg and loses puck.
15:32 of 3rd period - Alex Peters is hit by Rocco Grimaldi.
15:40 of 3rd period - Oskari Laaksonen is hit by Matthew Nieto and loses puck.
16:11 of 3rd period - Max Lajoie is hit by Matthew Nieto and loses puck.
16:54 of 3rd period - Slapshot by Marian Studenic.
16:54 of 3rd period - Stopped by Justus Annunen without a rebound.
16:55 of 3rd period - Justin Danforth wins face-off versus Jack Drury in Kelowna Rockets zone.
16:58 of 3rd period - Wrist shot by Rocco Grimaldi.
16:58 of 3rd period - Stopped by Justus Annunen with a rebound.
17:00 of 3rd period - Snap shot by Carson Soucy.
17:00 of 3rd period - Deflect By Matthew Nieto.
17:00 of 3rd period - Stopped by Justus Annunen with a rebound.
17:02 of 3rd period - Snap shot by Rocco Grimaldi.
17:02 of 3rd period - Stopped by Justus Annunen with a rebound.
17:04 of 3rd period - Slapshot by Justin Danforth.
17:04 of 3rd period - Shot Blocked by Cale Fleury.
17:06 of 3rd period - Wrist shot by Justin Danforth.
17:06 of 3rd period - Stopped by Justus Annunen with a rebound.
17:08 of 3rd period - Slapshot by Matthew Nieto.
17:08 of 3rd period - Shot Blocked by Jacob Perreault.
17:10 of 3rd period - Snap shot by Rocco Grimaldi.
17:10 of 3rd period - Shot Hit the Post.
18:01 of 3rd period - Wrist shot by Matthew Nieto.
18:01 of 3rd period - Stopped by Justus Annunen with a rebound.
18:11 of 3rd period - Minor Penalty to Carson Soucy for Hooking.
18:12 of 3rd period - Matthew Nieto wins face-off versus Ty Dellandrea in Tucson Roadrunners zone.
19:46 of 3rd period - Snap shot by Ty Dellandrea.
19:46 of 3rd period - Goal by Ty Dellandrea - Tucson Roadrunners : 5 - Kelowna Rockets : 4.
19:47 of 3rd period - Justin Danforth wins face-off versus Ty Dellandrea in neutral zone.
19:56 of 3rd period - Kelowna Rockets, Justus Annunen is pulled from the net.
Goals for this period are 4 for Tucson Roadrunners vs 1 for Kelowna Rockets.
Shots for this period are 17 for Tucson Roadrunners vs 6 for Kelowna Rockets.
Back to the Top